 Dungeon Crawl Stone Soup version 0.29.1-15-g9cfb28693d (webtiles) character file.

Game seed: 15980196939790146703

369 booth the Chopper (level 6, -9/70 HPs)
             Began as a Demonspawn Gladiator on Apr 26, 2023.
             Was a Believer of Trog.
             Mangled by Edmund
             ... wielding a +4 flail of venom
              (13 damage)
             ... on level 5 of the Dungeon.
             The game lasted 00:22:51 (2904 turns).

booth the Chopper (Demonspawn Gladiator)            Turns: 2904, Time: 00:22:52

Health: -9/70      AC: 12    Str: 16    XL:     6   Next: 41%
Magic:  6/6        EV: 13    Int:  9    God:    Trog [**....]
Gold:   264        SH:  5    Dex: 15    Spells: 5/5 levels left

rFire   . . .      SeeInvis .   a - +1 war axe
rCold   . . .      Faith    .   (no shield)
rNeg    . . .      Spirit   .   b - +1 leather armour
rPois   .          Reflect  +   f - +1 helmet
rElec   .          Harm     .   (no cloak)
rCorr   .          Rampage  .   (no gloves)
Will    +....                   c - +2 pair of boots
Stlth   ..........              t - amulet of reflection
HPRegen 0.21/turn               n - ring of willpower
MPRegen 0.10/turn               (no ring)

@: berserking, lethally poisoned (-9 -> -29), studying 2 skills, very quick
A: thin metallic scales 2, powered by death 2
a: Renounce Religion, Berserk, Trog's Hand


You were on level 5 of the Dungeon.
You worshipped Trog.
Trog was pleased with you.
You visited 1 branch of the dungeon, and saw 5 of its levels.

You collected 264 gold pieces.

Inventory:

Hand Weapons
 a - a +1 war axe (weapon)
Missiles
 d - 2 throwing nets (quivered)
 w - 2 boomerangs
 x - 2 atropa-tipped darts
Armour
 b - a +1 leather armour (worn)
 c - a +2 pair of boots (worn)
 f - a +1 helmet (worn)
Jewellery
 n - a ring of willpower (left hand)
 t - an amulet of reflection (around neck)
Scrolls
 h - a scroll of magic mapping
 l - a scroll of vulnerability
Potions
 g - 3 potions of cancellation
 i - 2 potions of resistance
 j - a potion of brilliance
 k - a potion of might
 m - 2 potions of curing {unknown}
 o - a potion of attraction {unknown}
 q - a potion of degeneration {unknown}
 s - 2 potions of heal wounds {unknown}


   Skills:
 + Level 3.5 Fighting
 * Level 4.6 Axes
 + Level 3.8 Throwing
 + Level 3.8 Dodging


You had 5 spell levels left.
You didn't know any spells.
Your spell library was empty.

Dungeon Overview and Level Annotations

Branches:
Dungeon (5/15)
 Temple: D:4-7

Altars:
Makhleb
Trog

Annotations:
D:5 Edmund


Innate Abilities, Weirdness & Mutations

You are mostly covered in thin metallic scales. (AC +3)
You regenerate health from kills.


Message History

Edmund hits you with a +4 flail of venom.
You are poisoned.
You barely miss Edmund.
Edmund is moderately wounded.
You feel very sick. Edmund closely misses you.
Edmund hits you with a +4 flail of venom!
You are more poisoned.
Throw: 3 throwing nets
Press: ? - help, Q - select action, (/) - cycle Shift-Dir - straight line, f/p - Edmund
Aim: Edmund, wielding a +4 flail of venom and wearing a +4 chain mail (moderately wounded, 68% to hit)
You throw a throwing net. The throwing net barely misses Edmund.
You feel very sick.
Throw: 3 darts (atropa)
Press: ? - help, Q - select action, (/) - cycle Shift-Dir - straight line, f/p - Edmund
Aim: Edmund, wielding a +4 flail of venom and wearing a +4 chain mail (moderately wounded, 68% to hit, chance to blind on hit: 67%)
You throw an atropa-tipped dart.
The atropa-tipped dart closely misses Edmund.
You feel very sick. Edmund barely misses you.
A red film seems to cover your vision as you go berserk!
You feel yourself moving faster!
You feel mighty!
You feel very sick.
Edmund hits you with a +4 flail of venom.
* * * LOW HITPOINT WARNING * * *
You hit Edmund but do no damage.
Edmund is moderately wounded.
You feel sick. Edmund barely misses you.
You hit Edmund but do no damage.
Edmund is moderately wounded.
You feel sick.
Edmund hits you with a +4 flail of venom!
* * * LOW HITPOINT WARNING * * *
You are more poisoned.
You barely miss Edmund.
Edmund is moderately wounded.
* * * LOW HITPOINT WARNING * * *
You feel very sick.
Edmund hits you with a +4 flail of venom!
You die...

. ....#########
(.(.(.@@....############
....#######.....(.......
. ############## ####
########... #..........
...####...## ####.####
###.....##.


You could see Edmund.

Vanquished Creatures
  A scorpion (D:4)
  2 necrophages
  A hound (D:4)
  An iguana (D:4)
  6 adders
  A gnoll (D:4)
  A worm (D:2)
  13 ball pythons
  5 bats
  4 endoplasms
  A giant cockroach (D:2)
  4 goblins
  11 hobgoblins
  4 jackals (D:3)
  5 kobolds
  2 quokkas
  3 frilled lizards
  10 rats
75 creatures vanquished.

Vanquished Creatures (others)
  5 plants
5 creatures vanquished.

Grand Total: 80 creatures vanquished

Notes
Turn   | Place    | Note
-------+----------+-------------------------------------------
     0 | D:1      | booth the Demonspawn Gladiator began the quest for the Orb.
     0 | D:1      | Reached XP level 1. HP: 16/16 MP: 1/1
   282 | D:1      | Gained mutation: You regenerate a little health from kills.
                  | [demonic ancestry]
   282 | D:1      | Reached XP level 2. HP: 22/22 MP: 2/2
   319 | D:1      | Found a faded altar of an unknown god.
   350 | D:1      | Prayed at the altar of an unknown god.
   350 | D:1      | Became a worshipper of Trog the Wrathful
   350 | D:1      | Reached * piety under Trog
   476 | D:2      | Reached skill level 3 in Axes
   622 | D:2      | Gained mutation: You are partially covered in thin metallic
                  | scales. (AC +2) [demonic ancestry]
   622 | D:2      | Reached XP level 3. HP: 28/28 MP: 3/3
  1019 | D:2      | Gained mutation: You regenerate health from kills. [demonic
                  | ancestry]
  1019 | D:2      | Reached XP level 4. HP: 30/34 MP: 4/4
  1583 | D:2      | Reached ** piety under Trog
  1910 | D:3      | Identified a scroll of acquirement
  1910 | D:3      | Acquired a manual of Throwing
  1987 | D:4      | Noticed a necrophage
  1996 | D:4      | Killed a necrophage
  1997 | D:4      | Reached skill level 4 in Axes
  1997 | D:4      | Reached XP level 5. HP: 41/41 MP: 5/5
  2369 | D:4      | Found a burning altar of Makhleb.
  2446 | D:4      | Gained mutation: You are mostly covered in thin metallic
                  | scales. (AC +3) [demonic ancestry]
  2446 | D:4      | Reached XP level 6. HP: 38/47 MP: 6/6
  2762 | D:5      | Entered Level 5 of the Dungeon
  2885 | D:5      | Noticed Edmund
  2904 | D:5      | Mangled by Edmund

Illustrated notes

Levels and vault maps discovered:
D:1:      spicycebolla_arrival_xxxplode, layout_rooms,
          chequers_ecumenical_altar_island, serial_bayou_ford_a
D:2:      minmay_door_path, layout_rooms, grunt_ministairs_2,
          minmay_tree_intersection, kennysheep_big_empty_room
D:3:      layout_basic, serial_corexii_hall, corexii_hall_statues_u,
          chequers_hall_statues_corner_a, chequers_hall_statues_corner_a,
          minmay_misc_feat_alley, serial_bayou_lake_a
D:4:      layout_loops_ring, lightli_temple_of_fire, supply_closet_lemuel,
          minmay_manual_mess
D:5:      layout_rooms, lemuel_mausoleum_altar_kikubaaqudgha,
          mainiacjoe_overflow_catch_the_wave, ebering_ghost_reflecting_pool,
          uniq_edmund

Skill      XL: |  1  2  3  4 |
---------------+-------------+-----
Throwing       | 2 3 |  3.8
Axes           | 3 4 |  4.6
Dodging        | 3 |  3.8
Fighting       | 3 |  3.5

Action                   |  1- 3 |  4- 6 || total
-------------------------+-------+-------++-------
Melee: War axe           |    98 |   133 ||   231
Throw: Boomerang         |       |     3 ||     3
       Dart              |       |     2 ||     2
       Javelin           |       |     1 ||     1
       Throwing net      |       |     1 ||     1
Invok: Berserk           |     2 |     2 ||     4
  Use: Scroll            |     2 |     9 ||    11
       Potion            |       |     1 ||     1
Armor: Leather armour    |    44 |    60 ||   104
Dodge: Dodged            |    57 |    95 ||   152
Block: Other             |       |    13 ||    13
